 Dungeon Sprint DCSS version 0.17-a0-1830-g81820eb (webtiles) character file.

35526 Kidiri the Tortoise (level 13, -1/88 HPs)
             Began as a Gargoyle Fighter on Sept 13, 2015.
             Was the Champion of Trog.
             Engulfed by a cloud of flame (4 damage)
             ... in the Dungeon (Sprint III: "The Ten Rune Challenge").
             The game lasted 00:28:34 (4414 turns).

Kidiri the Tortoise (Gargoyle Fighter)              Turns: 4414, Time: 00:28:34

Health: -1/88      AC: 16    Str: 27    XL:     13   Next: 0%
Magic:  13/13      EV: 15    Int:  9    God:    Trog [******]
Gold:   30         SH: 15    Dex: 12    Spells: 0 memorised, 12 levels left

rFire  + + .     SeeInvis .     l - +2 eveningstar
rCold  x . .     Clarity  .     j - fire dragon hide
rNeg   + . .     SustAt   .     c - +0 shield
rPois  ∞         Gourm    .     (no helmet)
rElec  +         Spirit   .     (no cloak)
rCorr  .         Warding  .     (no gloves)
rMut   .         NoTele   +     (no boots)
MR     ++...                    (no amulet)
Stlth  ..........               (no ring)
                                (no ring)

@: mighty, flying, very slightly contaminated, regenerating, hasted, very quick,
very resistant to hostile enchantments, extremely unstealthy
A: big wings, negative energy resistance 1, electricity resistance, unbreathing,
petrification resistance, rot immunity, MP-powered wands, AC +9
a: Stop Flying, Burn Spellbooks, Berserk, Trog's Hand, Brothers in Arms,
Renounce Religion
}: 1/10 runes: barnacled


You were in the Dungeon.
You worshipped Trog.
Trog was exalted by your worship.
You were not hungry.

You visited 1 branch You collected 30 gold pieces.

Inventory:

Hand weapons
 e - a +0 antimagic demon whip
 l - a +2 eveningstar (weapon)
Missiles
 b - 7 poisoned javelins (quivered)
 m - 15 javelins of returning
Armour
 c - a +0 shield (worn)
 f - a +0 chain mail
 j - a fire dragon hide (worn)
Scrolls
 n - a scroll of immolation {unknown}
 p - 2 scrolls of remove curse {unknown}
 s - a scroll of holy word {unknown}
Potions
 i - 2 potions of magic
 q - a potion of ambrosia
 u - a potion of cure mutation
Comestibles
 g - 31 royal jellies
 z - 5 fruits


   Skills:
 + Level 13.2 Fighting
 * Level 16.2 Maces & Flails
 * Level 17.7 Armour
 + Level 10.0 Dodging
 * Level 17.6 Shields


You had 12 spell levels left.
You didn't know any spells.

Dungeon Overview and Level Annotations

Branches:
Dungeon (1/1)

Altars:
Cheibriados
Dithmenos
Elyvilon
Fedhas
Gozag
Kikubaaqudgha
Makhleb
Nemelex Xobeh
Okawaru
Qazlal
Ru
Sif Muna
Trog
Vehumet
Xom
Yredelemnul
Zin
The Shining One
Jiyva
Lugonu

Shops:
D ?:(%}(

Annotations:
D Xtahua


Innate Abilities, Weirdness & Mutations

You are resistant to torment.
Your stone body is resilient (AC +9).
You are immune to poison.
You resist negative energy.
You are resistant to electric shocks.
You can survive without breathing.
You are immune to petrification.
You are immune to rotting.
Your large and strong wings let you fly indefinitely.
You expend magic power (3 MP) to strengthen your wands.


Message History

You block Xtahua's attack. Xtahua claws you!
* * * LOW HITPOINT WARNING * * *
Xtahua tramples you but does no damage.
Unknown command.
Really fly into a travel-excluded area?
Okay, then.
Really fly into a travel-excluded area?
Drink which item? (? for menu, Esc to quit)
Okay, then.
Unknown command.
Read which item? (? for menu, Esc to quit)
Okay, then.
Unknown command.
Xtahua breathes flames at you. The searing blast misses you.
You are engulfed in roaring flames.
You resist.
* * * LOW HITPOINT WARNING * * *
Unknown command.
You are engulfed in roaring flames.
You resist.
You die...

♣♣≈♣
▓≈≈....≈≈≈.
♣.♣♣
▓≈≈≈..≈≈≈≈≈
♣.♣♣
▓≈≈≈≈≈≈≈≈≈≈
♣..♣
▓≈≈≈≈≈≈≈≈≈≈
♣♣[♣♣≈####♣♣
▓..≈≈≈≈≈≈≈≈
♣♣.♣♣..D.D♣
▓...≈≈≈≈≈≈≈
♣♣.≈♣♣♣♣♣♣D♣
▓....≈≈≈≈≈≈
♣..≈.§§§§.≈♣
▓...≈≈≈≈≈≈≈
♣.....§@§§.♣
▓.≈≈≈≈≈≈≈≈≈
♣.♣..≈§§§§≈♣
▓≈≈≈≈≈≈≈≈≈≈
♣♣♣♣♣♣♣♣§§∩♣
▓.≈≈≈≈≈≈≈≈.
♣♣♣♣♣
▓▓▓▓▓▓▓▓▓▓▓


You could see a five-headed hydra.

Vanquished Creatures
  Rupert (D)
  Polyphemus (D)
  Maud (D)
  3 fire dragons (D)
  A merfolk javelineer (D)
  Josephine (D)
  A centaur warrior (D)
  4 death yaks (D)
  An unseen horror (D)
  A death drake (D)
  A sea snake (D)
  A spriggan druid (D)
  A lindwurm (D)
  2 black mambas (D)
  2 spiny frogs (D)
  A komodo dragon (D)
  A fire drake (D)
  A deep elf priest (D)
  A queen bee (D)
  3 wandering mushrooms (D)
  8 blink frogs (D)
  A shadow (D)
  3 redbacks (D)
  2 spriggans (D)
  A spatial vortex (D)
  A swamp drake (D)
  2 centaurs (D)
  A necrophage (D)
  An earth elemental (D)
  2 brain worms (D)
  A water elemental (D)
  32 killer bees (D)
  An electric eel (D)
  A jelly (D)
  Jessica (D)
  A necromancer (D)
  A wizard (D)
  3 sheep (D)
  3 humans (D)
  A kobold demonologist (D)
  An ooze (D)
  A phantom (D)
  2 rats (D)
  8 plants (D)
108 creatures vanquished.

Vanquished Creatures (collateral kills)
  Ilsuiw (D)
  A fire dragon (D)
  2 hydras (D)
4 creatures vanquished.

Vanquished Creatures (others)
  2 draconian scorchers (D)
  2 yaktaurs (D)
  2 fire drakes (D)
  6 plants (D)
12 creatures vanquished.

Grand Total: 124 creatures vanquished

Notes
Turn   | Place    | Note
--------------------------------------------------------------
     0 | D        | Kidiri the Gargoyle Fighter began the quest for the Orb.
     0 | D        | Reached XP level 1. HP: 14/14 MP: 1/1
    18 | D        | Noticed Jessica
    22 | D        | Killed Jessica
    22 | D        | Reached skill level 4 in Fighting
    22 | D        | Reached skill level 1 in Dodging
    22 | D        | Reached XP level 2. HP: 17/20 MP: 2/2
    22 | D        | Reached XP level 3. HP: 20/24 MP: 3/3
   114 | D        | Killed a yaktaur
   119 | D        | Reached skill level 5 in Armour
   119 | D        | Reached skill level 5 in Shields
   144 | D        | Killed a fire drake
   200 | D        | Killed a white draconian scorcher
   232 | D        | Killed a white draconian scorcher
   332 | D        | Gained mutation: You expend magic power (3 MP) to strengthen your wands. [potion of mutation]
   332 | D        | Gained mutation: Your large and strong wings let you fly indefinitely. [potion of mutation]
   332 | D        | Gained mutation: Armour fits poorly on your strangely shaped body. [potion of mutation]
   333 | D        | Lost mutation: Armour fits poorly on your strangely shaped body. [potion of mutation]
   358 | D        | Noticed a water elemental
   382 | D        | Killed a water elemental
   382 | D        | Reached skill level 5 in Maces & Flails
   382 | D        | Reached skill level 6 in Armour
   382 | D        | Reached XP level 4. HP: 30/30 MP: 4/4
   382 | D        | Reached XP level 5. HP: 34/34 MP: 5/5
   444 | D        | Found an iron altar of Okawaru.
   444 | D        | Found a bloodstained altar of Trog.
   444 | D        | Noticed a human
   444 | D        | Noticed a human
   491 | D        | Killed a human
   491 | D        | Reached skill level 5 in Fighting
   491 | D        | Reached skill level 7 in Armour
   491 | D        | Reached XP level 6. HP: 18/41 MP: 6/6
   504 | D        | Killed a human
   504 | D        | Reached skill level 8 in Armour
   743 | D        | Became a worshipper of Trog the Wrathful
   771 | D        | Found a radiant altar of Vehumet.
   771 | D        | Found a deep blue altar of Sif Muna.
   771 | D        | Found an ancient bone altar of Kikubaaqudgha.
   771 | D        | Noticed a wizard
   773 | D        | Acquired Trog's first power
   777 | D        | Killed a wizard
   779 | D        | Acquired Trog's second power
   960 | D        | Found a glowing silver altar of Zin.
   961 | D        | Found a glowing golden altar of the Shining One.
   961 | D        | Found a white marble altar of Elyvilon.
   961 | D        | Noticed a deep elf priest
   984 | D        | Killed a deep elf priest
   984 | D        | Reached skill level 9 in Armour
   984 | D        | Reached XP level 7. HP: 23/47 MP: 7/7
  1129 | D        | Found a basalt altar of Yredelemnul.
  1129 | D        | Found a snail-covered altar of Cheibriados.
  1129 | D        | Found a blossoming altar of Fedhas.
  1129 | D        | Noticed a necrophage
  1129 | D        | Noticed a necromancer
  1133 | D        | Killed a necrophage
  1134 | D        | Killed a fire drake
  1137 | D        | Killed a necromancer
  1209 | D        | Noticed a jelly
  1220 | D        | Killed a jelly
  1304 | D        | Noticed a shadow
  1312 | D        | Killed a shadow
  1312 | D        | Reached skill level 10 in Armour
  1312 | D        | Reached skill level 10 in Shields
  1312 | D        | Reached XP level 8. HP: 49/53 MP: 8/8
  1324 | D        | Found a stormy altar of Qazlal.
  1325 | D        | Found a sacrificial altar of Ru.
  1325 | D        | Found a burning altar of Makhleb.
  1325 | D        | Found a viscous altar of Jiyva.
  1325 | D        | Found a shimmering altar of Xom.
  1325 | D        | Found a shadowy altar of Dithmenos.
  1325 | D        | Found a sparkling altar of Nemelex Xobeh.
  1325 | D        | Found a corrupted altar of Lugonu.
  1325 | D        | Found an opulent altar of Gozag.
  1325 | D        | Noticed a spatial vortex
  1347 | D        | Killed a spatial vortex
  1347 | D        | Reached skill level 5 in Dodging
  1360 | D        | Noticed Josephine
  1387 | D        | Killed Josephine
  1387 | D        | Acquired Trog's third power
  1387 | D        | Reached skill level 10 in Maces & Flails
  1387 | D        | Reached skill level 11 in Armour
  1387 | D        | Reached XP level 9. HP: 57/60 MP: 9/9
  1408 | D        | Noticed an earth elemental
  1436 | D        | Killed an earth elemental
  1615 | D        | Noticed a centaur
  1616 | D        | Noticed a centaur warrior
  1616 | D        | Noticed a centaur
  1622 | D        | Killed a centaur warrior
  1622 | D        | Reached skill level 12 in Armour
  1624 | D        | Killed a centaur
  1627 | D        | Killed a centaur
  1818 | D        | Killed an unseen horror
  1818 | D        | Reached XP level 10. HP: 49/66 MP: 10/10
  1968 | D        | Noticed a killer bee
  1968 | D        | Noticed a killer bee
  1968 | D        | Noticed a killer bee
  1968 | D        | Noticed a killer bee
  1968 | D        | Noticed a killer bee
  1968 | D        | Noticed a killer bee
  1968 | D        | Noticed a killer bee
  1968 | D        | Noticed a killer bee
  1968 | D        | Noticed a killer bee
  1968 | D        | Noticed a killer bee
  1968 | D        | Noticed a killer bee
  1968 | D        | Noticed a killer bee
  1968 | D        | Noticed a killer bee
  1968 | D        | Noticed a killer bee
  1968 | D        | Noticed a killer bee
  1970 | D        | Noticed a killer bee
  1970 | D        | Noticed a killer bee
  1970 | D        | Noticed a killer bee
  1970 | D        | Noticed a killer bee
  1970 | D        | Killed a killer bee
  1970 | D        | Received a gift from Trog
  1971 | D        | Noticed a killer bee
  1971 | D        | Noticed a killer bee
  1973 | D        | Killed a killer bee
  1974 | D        | Noticed a killer bee
  1975 | D        | Noticed a killer bee
  1975 | D        | Noticed a killer bee
  1976 | D        | Noticed a killer bee
  1977 | D        | Noticed a killer bee
  1979 | D        | Noticed a killer bee
  1979 | D        | Noticed a killer bee
  1982 | D        | Noticed a queen bee
  1983 | D        | Noticed a killer bee
  1985 | D        | Noticed a killer bee
  1987 | D        | Noticed a killer bee
  1989 | D        | Killed a killer bee
  1994 | D        | Noticed a killer bee
  1999 | D        | Killed a killer bee
  2014 | D        | Killed a killer bee
  2025 | D        | Killed a killer bee
  2032 | D        | Killed a killer bee
  2039 | D        | Killed a killer bee
  2046 | D        | Killed a killer bee
  2054 | D        | Killed a killer bee
  2063 | D        | Killed a killer bee
  2073 | D        | Killed a killer bee
  2073 | D        | Received a gift from Trog
  2084 | D        | Killed a killer bee
  2084 | D        | Reached skill level 13 in Armour
  2087 | D        | Killed a killer bee
  2096 | D        | Killed a killer bee
  2103 | D        | Killed a killer bee
  2109 | D        | Killed a killer bee
  2111 | D        | Killed a killer bee
  2114 | D        | Killed a killer bee
  2114 | D        | Received a gift from Trog
  2126 | D        | Killed a killer bee
  2127 | D        | Killed a killer bee
  2138 | D        | Killed a killer bee
  2147 | D        | Killed a killer bee
  2149 | D        | Killed a killer bee
  2153 | D        | Killed a killer bee
  2153 | D        | Reached skill level 10 in Fighting
  2160 | D        | Killed a killer bee
  2164 | D        | Killed a killer bee
  2171 | D        | Killed a killer bee
  2177 | D        | Killed a killer bee
  2180 | D        | Killed a killer bee
  2180 | D        | Received a gift from Trog
  2186 | D        | Killed a killer bee
  2188 | D        | Killed a killer bee
  2200 | D        | Killed a queen bee
  2293 | D        | Noticed a wandering mushroom
  2297 | D        | Noticed a wandering mushroom
  2299 | D        | Noticed a wandering mushroom
  2304 | D        | Killed a wandering mushroom
  2318 | D        | Killed a wandering mushroom
  2333 | D        | Killed a wandering mushroom
  2436 | D        | Noticed a spiny frog
  2436 | D        | Noticed a komodo dragon
  2436 | D        | Noticed a spiny frog
  2448 | D        | Killed a spiny frog
  2448 | D        | Reached skill level 14 in Armour
  2452 | D        | Killed a spiny frog
  2456 | D        | Killed a komodo dragon
  2458 | D        | Killed a yaktaur
  2501 | D        | Noticed a redback
  2509 | D        | Killed a redback
  2509 | D        | Received a gift from Trog
  2509 | D        | Reached XP level 11. HP: 66/73 MP: 11/11
  2513 | D        | Noticed a brain worm
  2518 | D        | Killed a brain worm
  2527 | D        | Noticed a brain worm
  2535 | D        | Killed a brain worm
  2540 | D        | Noticed a lindwurm
  2562 | D        | Killed a lindwurm
  2599 | D        | Noticed a redback
  2599 | D        | Noticed a redback
  2601 | D        | Killed a redback
  2603 | D        | Noticed Maud
  2609 | D        | Killed a redback
  2627 | D        | Killed Maud
  2777 | D        | Noticed an electric eel
  2778 | D        | Noticed an eight-headed hydra
  2778 | D        | Noticed a seven-headed hydra
  2782 | D        | Killed an electric eel
  2790 | D        | Killed a seven-headed hydra
  2790 | D        | Reached skill level 15 in Armour
  2794 | D        | Killed an eight-headed hydra
  2794 | D        | Reached skill level 15 in Shields
  2803 | D        | Noticed a death drake
  2811 | D        | Killed a death drake
  2972 | D        | Found a blossoming altar of Fedhas.
  2972 | D        | Noticed a spriggan
  2972 | D        | Noticed a spriggan druid
  2972 | D        | Noticed a spriggan
  2986 | D        | Killed a spriggan druid
  2986 | D        | Received a gift from Trog
  2988 | D        | Killed a spriggan
  2991 | D        | Killed a spriggan
  3113 | D        | Noticed Polyphemus
  3139 | D        | Killed Polyphemus
  3144 | D        | Received a gift from Trog
  3175 | D        | Noticed Ilsuiw
  3176 | D        | Found Uvvavok's Food Emporium.
  3176 | D        | Noticed a sea snake
  3192 | D        | Killed a sea snake
  3192 | D        | Reached skill level 16 in Armour
  3198 | D        | Killed Ilsuiw
  3198 | D        | Reached XP level 12. HP: 69/81 MP: 12/12
  3241 | D        | Found Rilirurch's Gadget Shop.
  3242 | D        | Found Pazocs's Antique Weapon Shoppe.
  3243 | D        | Noticed a merfolk javelineer
  3263 | D        | Killed a merfolk javelineer
  3284 | D        | Got a barnacled rune of Zot
  3344 | D        | Noticed a swamp drake
  3344 | D        | Noticed a fire drake
  3349 | D        | Killed a swamp drake
  3357 | D        | Killed a fire drake
  3357 | D        | Received a gift from Trog
  3368 | D        | Noticed a blink frog
  3368 | D        | Noticed a blink frog
  3368 | D        | Noticed a blink frog
  3372 | D        | Killed a blink frog
  3372 | D        | Reached skill level 15 in Maces & Flails
  3380 | D        | Killed a blink frog
  3384 | D        | Killed a blink frog
  3393 | D        | Noticed a blink frog
  3393 | D        | Noticed a blink frog
  3407 | D        | Killed a blink frog
  3412 | D        | Killed a blink frog
  3528 | D        | Noticed Rupert
  3543 | D        | Killed Rupert
  3637 | D        | Noticed a death yak
  3638 | D        | Noticed a blink frog
  3639 | D        | Noticed a death yak
  3641 | D        | Noticed a death yak
  3641 | D        | Noticed a death yak
  3644 | D        | Noticed a blink frog
  3650 | D        | Killed a death yak
  3650 | D        | Received a gift from Trog
  3658 | D        | Killed a death yak
  3658 | D        | Reached skill level 17 in Armour
  3667 | D        | Killed a death yak
  3668 | D        | Noticed a black mamba
  3676 | D        | Killed a death yak
  3680 | D        | Noticed a blink frog
  3680 | D        | Killed a black mamba
  3684 | D        | Noticed a black mamba
  3684 | D        | Killed a blink frog
  3689 | D        | Killed a black mamba
  3689 | D        | Received a gift from Trog
  3694 | D        | Killed a blink frog
  3718 | D        | Killed a blink frog
  3719 | D        | Noticed an azure jelly
  3719 | D        | Noticed an azure jelly
  3945 | D        | Noticed an azure jelly
  3945 | D        | Noticed an azure jelly
  3978 | D        | Noticed a fire dragon
  3982 | D        | Noticed a fire dragon
  3982 | D        | Noticed a fire dragon
  3993 | D        | Killed a fire dragon
  4000 | D        | HP: 1/84 [fire dragon/blast of flame (26)]
  4158 | D        | Killed a fire dragon
  4170 | D        | Killed a fire dragon
  4170 | D        | Reached skill level 10 in Dodging
  4368 | D        | Found Ynicly's Magic Scroll Shoppe.
  4368 | D        | Found Ytusk's Book Boutique.
  4368 | D        | Found Jerehasu's Antique Weapon Emporium.
  4392 | D        | Noticed a fire dragon
  4400 | D        | Noticed Xtahua
  4402 | D        | Noticed a five-headed hydra
  4409 | D        | Killed a fire dragon
  4409 | D        | Received a gift from Trog
  4409 | D        | Reached XP level 13. HP: 12/88 MP: 13/13
  4409 | D        | HP: 2/88 [Xtahua (10)]
  4414 | D        | Engulfed by a cloud of flame

Vault maps used:
D:        dungeon_sprint_mu

Action                   |  1- 3 |  4- 6 |  7- 9 | 10-12 | 13-15 || total
-------------------------+-------+-------+-------+-------+-------++-------
Melee: Flail             |    49 |    56 |   121 |   214 |       ||   440
       Demon blade       |       |       |       |   120 |       ||   120
       Eveningstar       |       |       |       |   239 |       ||   239
       Demon whip        |       |       |       |    58 |       ||    58
Invok: Berserk           |       |     2 |     1 |     5 |       ||     8
       Burn Spellbooks   |       |     2 |       |       |       ||     2
       Trog's Hand       |       |     1 |     5 |    17 |       ||    23
       Brothers in Arms  |       |       |       |     4 |       ||     4
 Abil: Fly               |       |     1 |       |       |       ||     1
  Use: Potion            |     4 |     1 |       |     3 |       ||     8
       Scroll            |     4 |       |       |     1 |       ||     5
 Stab: Distracted        |       |       |       |     2 |       ||     2
  Eat: Royal jelly       |       |     1 |       |       |       ||     1
       Pizza             |       |     1 |       |       |       ||     1
       Chunk             |       |       |     4 |     8 |       ||    12
       Bread ration      |       |       |       |     2 |       ||     2
       Fruit             |       |       |       |     1 |       ||     1
